Map: Cyber Forest LE

Players

Clem

  • Race: Terran Terran
  • League: Grandmaster
  • Spawn Location: 11:00

Harstem - Winner!

  • Race: Protoss Protoss
  • League: Grandmaster
  • Spawn Location: 5:00

Event: HomeStory Cup XIX

VOD

Have the link to the VOD?

Description

Time

  • Played on: June 27, 2019, 8:06 a.m.
  • Length: 14:47

All games in this series

Show
View Real Time Build Order
Export as new Build Order

Clem Terran 

Build Orders: Liberator Opening, Reaper Expand 

Get SALT Encoding   

  12  0:00  SCV  
  13  0:12  SCV  
  14  0:16  Supply Depot  
  14  0:24  SCV  
  15  0:38  SCV  
  15  0:39  Barracks  
  16  0:44  Refinery  
  16  0:50  SCV  
  17  1:02  SCV  
  18  1:14  SCV  
  19  1:26  Orbital Command  
  19  1:27  Reaper  
  20  1:40  Command Center  
  20  1:48  Supply Depot  
  20  1:52  SCV  
  21  1:59  Barracks Reactor  
  21  2:01  Bunker  
  21  2:05  SCV  
  22  2:10  Refinery  
  22  2:17  SCV  
  23  2:22  Factory  
  23  2:29  SCV  
  24  2:36  Marine x2  
  26  2:42  SCV  
  27  2:52  Orbital Command  
  27  2:54  SCV  
  27  2:55  Marine x2  
  30  3:06  Factory Tech Lab, Starport  
  30  3:08  SCV  
  31  3:12  Marine  
  31  3:13  Marine  
  33  3:22  SCV  
  33  3:24  Cyclone  
  33  3:25  Liberator, SCV  
  37  3:29  Supply Depot  
  37  3:32  Marine x2  
  39  3:34  SCV  
  39  3:37  SCV  
  41  3:46  Supply Depot  
  41  3:48  SCV  
  45  3:49  SCV  
  45  3:53  Marine  
  45  3:54  Marine  
  47  4:00  SCV  
  47  4:02  Siege Tank  
  51  4:03  SCV  
  51  4:08  Supply Depot  
  52  4:12  Marine x2  
  52  4:13  SCV  
  52  4:16  Barracks  
  55  4:18  SCV  
  56  4:25  Supply Depot  
  56  4:30  Marine x2  
  58  4:32  SCV  
  58  4:34  Siege Tank  
  58  4:37  Viking  
  64  4:39  SCV  
  64  4:43  Supply Depot  
  64  4:45  SCV  
  66  4:52  Barracks, Marine x2  
  68  4:53  Engineering Bay  
  68  4:56  SCV  
  68  4:57  SCV  
  70  5:00  Supply Depot  
  70  5:02  Refinery  
  70  5:09  Starport Reactor  
  70  5:10  Marine x2  
  70  5:12  SCV x2  
  74  5:14  Factory Tech Lab  
  74  5:16  Stimpack, Marine  
  75  5:24  SCV x2  
  75  5:27  Marine x2  
  66  5:36  SCV x2  
  66  5:40  Marauder  
  63  5:43  Terran Infantry Weapons Level 1  
  63  5:45  Marine x2, Refinery  
  63  5:48  SCV x2  
  63  5:50  Factory Reactor, Bunker  
  63  5:52  Combat Shield, Marine  
  61  6:01  Marine  
  61  6:02  Medivac  
  61  6:03  Marine  
  61  6:04  Marine  
  66  6:08  Supply Depot  
  66  6:10  Marauder  
  68  6:12  SCV x2  
  67  6:19  Marauder  
  67  6:25  Marine x2  
  68  6:26  SCV  
  68  6:30  SCV  
  68  6:31  Marauder  
  69  6:35  Widow Mine  
  69  6:38  Widow Mine  
  73  6:41  Marauder  
  73  6:44  Marine x2  
  75  6:48  Command Center  
  75  6:52  Medivac x2  
  79  6:59  Marauder, Widow Mine  
  83  7:02  Marauder, Supply Depot  
  83  7:04  Marine x2  
  83  7:05  Widow Mine  
  89  7:10  Barracks  
  89  7:11  Concussive Shells  
  89  7:14  Barracks  
  89  7:15  Supply Depot  
  89  7:19  SCV  
  89  7:20  Widow Mine  
  89  7:22  Medivac  
  94  7:25  Marine x2  
  94  7:27  Marauder, Widow Mine  
  100  7:31  Marauder  
  100  7:34  SCV  
  100  7:36  Supply Depot  
  103  7:37  SCV  
  103  7:41  Widow Mine  
  106  7:45  Terran Infantry Armor Level 1  
  106  7:46  Marine x2, SCV  
  106  7:48  Marauder  
  106  7:50  Supply Depot  
  111  7:52  Marauder  
  111  7:58  SCV  
  114  8:03  Barracks Reactor, Barracks Tech Lab, Starport  
  114  8:09  Marine, Marauder  
  114  8:10  Marine  
  113  8:14  Marauder, SCV  
  113  8:16  SCV  
  104  8:21  Widow Mine  
  100  8:30  Marine x2  
  100  8:31  Marauder x2  
  103  8:35  Marauder, Medivac x2  
  103  8:39  Orbital Command  
  103  8:44  Marine  
  103  8:45  Marine  
  103  8:47  SCV  
  100  8:57  Marine x2  
  100  8:58  Marine  
  100  8:59  Marauder x2  
  105  9:08  Viking  
  108  9:10  SCV  
  108  9:11  Viking x2  
  108  9:16  Viking, Marauder  
  116  9:17  SCV  
  116  9:18  SCV  
  116  9:21  Marine x2  
  116  9:22  Marine x2, SCV  
  121  9:35  Armory  
  121  9:36  Engineering Bay  
  117  9:39  SCV  
  117  9:43  Marine x4  
  122  9:46  Command Center  
  122  9:47  Marauder  
  122  9:52  Viking  
  125  9:56  Viking  
  125  9:58  Viking  
  129  10:02  Marine x4  
  129  10:04  Marauder  
  134  10:07  Supply Depot  
  134  10:12  Refinery  
  134  10:16  Marauder  
  134  10:17  Ghost Academy  
  134  10:18  Viking  
  138  10:23  Marine x4  
  138  10:28  Viking  
  144  10:31  Viking  
  144  10:33  Terran Infantry Weapons Level 2  
  146  10:38  Terran Infantry Armor Level 2  
  146  10:42  Marauder  
  150  10:43  Marauder  
  150  10:48  Marine x3  
  151  10:51  Viking  
  151  10:56  Marine  
  151  10:57  Ghost  
  153  11:03  SCV x2  
  156  11:06  Ghost  
  156  11:10  Marine x3  
  161  11:16  Barracks  
  161  11:17  Barracks  
  161  11:18  Ghost  
  161  11:24  Marine  
  163  11:30  Marine x2, Ghost  
  167  11:35  Missile Turret  
  167  11:38  Ghost  
  169  11:46  Supply Depot  
  169  11:47  Missile Turret  
  169  11:48  Missile Turret  
  169  11:49  Planetary Fortress  
  169  11:50  Liberator, Missile Turret  
  169  11:53  SCV x2  
  170  12:00  Marine x2  
  172  12:03  Supply Depot  
  172  12:07  Marine x2, Supply Depot  
  177  12:11  Barracks Reactor, Barracks Tech Lab, Liberator  
  177  12:12  Barracks Tech Lab, Liberator  
  177  12:13  Marauder, Marine  
  180  12:17  SCV  
  180  12:19  Marauder  
  180  12:24  Marine x2  
  180  12:25  SCV x2  
  190  12:31  Marauder  
  190  12:35  Marine x2, Marauder  
  196  12:43  Marauder  
  194  12:45  Liberator  
  194  12:47  Marine x3  
  196  12:52  Refinery x2  
  196  13:02  Marine  
  196  13:03  Command Center, Supply Depot  
  200  13:15  Marine  
  199  13:24  Marine, Liberator  
  199  13:30  Liberator  
  199  13:32  Barracks  
  194  13:49  Marauder x2, Barracks Tech Lab  
  194  13:50  Marauder  
  194  13:53  SCV x2  
  200  13:56  Refinery  
  200  14:05  Medivac  
  200  14:08  Marine x3  
  200  14:19  Marauder  
Show
View Real Time Build Order
Export as new Build Order

Harstem Protoss - Winner!

Build Orders: 1 Gate Expand, Oracle Opening 

Get SALT Encoding   

  12  0:00  Probe  
  13  0:12  Probe  
  14  0:18  Pylon  
  14  0:24  Probe  
  15  0:31  Assimilator  
  15  0:32  Probe  
  15  0:40  Probe  
  16  0:45  Gateway  
  17  0:51  Probe  
  18  1:03  Probe  
  19  1:15  Probe  
  20  1:22  Nexus  
  20  1:32  Cybernetics Core  
  20  1:36  Probe  
  21  1:40  Assimilator  
  21  1:48  Probe  
  21  1:51  Pylon  
  22  1:59  Adept  
  22  2:00  Probe  
  23  2:12  Probe  
  23  2:14  Stargate  
  25  2:20  Warp Gate  
  25  2:24  Probe  
  25  2:29  Adept  
  28  2:31  Probe  
  28  2:32  Probe  
  30  2:39  Probe  
  30  2:40  Probe  
  31  2:49  Probe, Oracle  
  31  2:50  Probe  
  37  3:01  Probe  
  37  3:04  Probe  
  39  3:05  Pylon  
  39  3:08  Adept  
  41  3:13  Probe  
  41  3:16  Oracle  
  42  3:22  Probe  
  42  3:26  Probe  
  47  3:34  Probe  
  48  3:43  Nexus  
  48  3:47  Probe, Robotics Facility  
  49  3:49  Probe  
  50  3:59  Probe  
  50  4:01  Probe  
  52  4:02  Phoenix  
  52  4:08  Gateway  
  52  4:09  Gateway  
  51  4:12  Probe  
  53  4:17  Assimilator  
  53  4:18  Probe, Pylon  
  53  4:24  Assimilator  
  53  4:28  Probe  
  53  4:31  Phoenix  
  54  4:33  Immortal  
  54  4:36  Probe  
  57  4:40  Probe  
  62  4:45  Pylon  
  62  4:48  Phoenix  
  62  4:49  Zealot, Pylon  
  65  5:04  Stalker, Zealot  
  65  5:05  Probe x2  
  65  5:06  Probe  
  71  5:09  Zealot  
  73  5:17  Probe  
  73  5:18  Probe  
  73  5:19  Probe  
  75  5:29  Probe  
  75  5:32  Observer  
  75  5:35  Probe  
  73  5:39  Probe  
  73  5:41  Probe, Zealot x3  
  77  5:47  Probe x2  
  77  5:49  Probe  
  78  5:55  Probe  
  78  5:56  Robotics Bay  
  80  5:59  Probe  
  80  6:01  Probe  
  85  6:05  Observer  
  85  6:06  Probe, Pylon  
  85  6:13  Probe x2  
  81  6:29  Probe  
  76  6:33  Probe, Colossus, Phoenix  
  76  6:35  Probe  
  76  6:39  Sentry, Zealot x2  
  82  6:46  Extended Thermal Lance  
  92  6:48  Pylon  
  92  6:49  Forge  
  92  6:50  Pylon  
  92  6:51  Forge  
  90  6:54  Assimilator  
  90  6:56  Twilight Council  
  90  6:57  Assimilator  
  90  7:06  Gateway  
  90  7:09  Gateway  
  90  7:10  Probe, Pylon x2  
  90  7:11  Colossus  
  90  7:13  Shield Battery  
  90  7:14  Sentry, Gateway  
  90  7:15  Pylon  
  93  7:18  Shield Battery  
  93  7:23  Zealot x2  
  103  7:30  Shield Battery  
  103  7:33  Probe  
  103  7:35  Pylon  
  104  7:39  Protoss Ground Armor Level 1  
  104  7:40  Probe  
  105  7:44  Photon Cannon, Zealot x3  
  105  7:49  Protoss Ground Weapons Level 1  
  111  7:54  Colossus  
  111  8:00  Probe  
  111  8:01  Zealot  
  114  8:05  Zealot x3  
  114  8:06  Zealot  
  122  8:15  Zealot  
  110  8:22  Zealot  
  110  8:23  Probe  
  110  8:26  Probe  
  104  8:27  Charge  
  104  8:31  Zealot x4  
  106  8:35  Colossus  
  106  8:45  Photon Cannon  
  106  8:46  Phoenix  
  107  8:49  Sentry  
  107  8:50  Zealot  
  117  8:58  Zealot x4  
  117  9:01  Photon Cannon  
  123  9:03  Phoenix  
  121  9:11  Gateway  
  121  9:13  Gateway  
  121  9:14  Probe x2  
  125  9:21  Zealot x5  
  125  9:22  Zealot  
  137  9:28  Colossus  
  137  9:32  Probe  
  137  9:35  Probe  
  141  9:43  Photon Cannon  
  141  9:44  Probe, Pylon  
  141  9:45  Protoss Ground Armor Level 2, Shield Battery  
  140  9:48  Pylon  
  140  9:50  Pylon  
  140  9:57  Blink  
  138  10:08  Pylon  
  138  10:09  Pylon  
  138  10:10  Protoss Ground Weapons Level 2  
  138  10:11  Stalker x2  
  142  10:15  Stalker  
  142  10:16  Stalker  
  142  10:20  Warp Prism  
  146  10:26  Stalker x3  
  152  10:47  Nexus  
  146  10:50  Templar Archives  
  146  10:51  Immortal  
  146  10:56  Probe  
  147  11:00  Gateway  
  147  11:03  Pylon  
  149  11:05  Gateway  
  149  11:06  Pylon  
  149  11:14  Stalker x4, Psionic Storm  
  157  11:18  Pylon  
  157  11:21  Probe  
  158  11:29  High Templar x4  
  166  11:32  Pylon  
  166  11:38  Pylon  
  166  11:42  Immortal  
  170  11:47  Dark Shrine  
  168  12:03  High Templar x3  
  168  12:04  High Templar  
  168  12:05  High Templar x2  
  180  12:11  Stalker x3  
  180  12:13  Assimilator  
  176  12:19  Assimilator  
  172  12:22  Warp Prism  
  174  12:31  Observer  
  168  12:44  Probe  
  165  12:50  Immortal  
  163  12:54  Zealot x10  
  183  13:03  Gateway  
  183  13:05  Gateway  
  187  13:07  Pylon  
  187  13:12  Nexus  
  187  13:23  Archon  
  187  13:30  High Templar x2  
  187  13:31  Stalker x4  
  197  13:35  Probe  
  197  13:36  Stalker  
  197  13:37  Probe  
  188  13:49  Dark Templar x3  
  184  13:56  Zealot x4  
  186  14:21  Stalker  
  186  14:22  Zealot x9  
  158  14:41  Stalker  
  158  14:42  Stalker  
  158  14:44  Zealot x7  
Tags
 
Add a new tag
Caveats
  • Supply blocks, unpowered buildings, or Contaminate may cause inaccurate times.
  • Supply counts are checked every 10 seconds.